TOP OF THE 1ST |
Lowell Spinners batting - Pitching for Connecticut Tigers : RHP Andy Miller
|
Pitching: RHP Andy Miller
|
|
Batting: RHB Larry Brocato
|
0-0: Ground out 4-3 (Groundball, 34, EV 108.1 MPH)
|
Batting: LHB Nelis Geurts
|
0-0: Ball 1-0: Foul Ball, location: 2F 1-1: Foul Ball, location: 2F 1-2: Strikes out swinging
|
Batting: LHB Noel Young
|
0-0: Called Strike 0-1: Ground out 6-3 (Groundball, 6, EV 111.9 MPH)
|
Top of the 1st over - 0 runs, 0 hits, 0 errors, 0 left on base; Lowell 0 - Connecticut 0 |
BOTTOM OF THE 1ST |
Connecticut Tigers batting - Pitching for Lowell Spinners : LHP Eric Del Sordo
|
Pitching: LHP Eric Del Sordo
|
|
Batting: RHB John Welch
|
0-0: Called Strike 0-1: Foul Ball, location: 2F 0-2: SINGLE (Groundball, 56D, EV 98.8 MPH)
|
Batting: SHB Adam Weber
|
0-0: Ball 1-0: Swinging Strike 1-1: Foul Ball, location: 2F 1-2: Strikes out swinging
|
Batting: RHB Aaron Cusick
|
0-0: Ball John Welch steals 2nd base 1-0: Called Strike 1-1: Ball 2-1: Foul Ball, location: 2F 2-2: Ball 3-2: Base on Balls
|
Batting: RHB Eric Angelle
|
0-0: Ball 1-0: Called Strike 1-1: Ball 2-1: Ball John Welch steals 3rd base 3-1: Base on Balls Aaron Cusick to second
|
Batting: RHB Tanner Purchase
|
0-0: Reached on error, E2 (Groundball, 2L, EV 69.4 MPH) John Welch scores Aaron Cusick to third Eric Angelle to second
|
Batting: RHB Keith Hoffman
|
0-0: Swinging Strike 0-1: Foul Ball, location: 2F 0-2: Ball 1-2: Strikes out swinging
|
Batting: RHB John Evancho
|
0-0: Ball 1-0: Fielders Choice at 2nd, 6-4 (Groundball, 6, EV 91.9 MPH)
|
Bottom of the 1st over - 1 run, 1 hit, 1 error, 3 left on base; Lowell 0 - Connecticut 1 |
TOP OF THE 2ND |
Lowell Spinners batting - Pitching for Connecticut Tigers : RHP Andy Miller
|
Batting: RHB Nick Cottrell
|
0-0: Called Strike 0-1: Called Strike 0-2: Ball 1-2: Strikes out swinging
|
Batting: RHB Joel Vazquez
|
0-0: Ground out 6-3 (Groundball, 6, EV 89.4 MPH)
|
Batting: RHB Josh Helman
|
0-0: Called Strike 0-1: Ball 1-1: Ball 2-1: Foul Ball, location: 2F 2-2: SINGLE (Groundball, 6D, EV 109.4 MPH)
|
Batting: LHB Masumi Abe
|
0-0: Ball 1-0: Called Strike 1-1: Ball 2-1: DOUBLE (Line Drive, 78D, EV 106.9 MPH) Josh Helman to third Runner from 3rd tries for Home, SAFE, throw by LF to home
|
Batting: RHB Bobby Schimke
|
0-0: DOUBLE (Flyball, 8RXD, EV 108.8 MPH) Masumi Abe scores
|
Batting: RHB Jose Conde
|
0-0: Foul Ball, location: 2F 0-1: Called Strike 0-2: Ball 1-2: Ball 2-2: Foul Ball, location: 2F 2-2: Foul Ball, location: 2F 2-2: Ground out 4-3 (Groundball, 4MD, EV 103.8 MPH)
|
Top of the 2nd over - 2 runs, 3 hits, 0 errors, 1 left on base; Lowell 2 - Connecticut 1 |
BOTTOM OF THE 2ND |
Connecticut Tigers batting - Pitching for Lowell Spinners : LHP Eric Del Sordo
|
Batting: RHB Brandon O'Malley
|
0-0: Foul Ball, location: 2F 0-1: Called Strike 0-2: Ball 1-2: Ground out 5-3 (Groundball, 56S, EV 76.2 MPH)
|
Batting: RHB Riley Menger
|
0-0: Called Strike 0-1: Swinging Strike 0-2: Ball 1-2: Ball 2-2: Strikes out looking
|
Batting: RHB John Welch
|
0-0: Ball 1-0: Called Strike 1-1: Ball 2-1: Fly out, F7 (Flyball, 78M, EV 82.5 MPH)
|
Bottom of the 2nd over - 0 runs, 0 hits, 0 errors, 0 left on base; Lowell 2 - Connecticut 1 |
TOP OF THE 3RD |
Lowell Spinners batting - Pitching for Connecticut Tigers : RHP Andy Miller
|
Batting: RHB Larry Brocato
|
0-0: Swinging Strike 0-1: DOUBLE (Groundball, 5L, EV 101.2 MPH)
|
Batting: LHB Nelis Geurts
|
0-0: Ball 1-0: Ball Wild Pitch! Larry Brocato to third 2-0: Called Strike 2-1: Foul Ball, location: 2F 2-2: Ball 3-2: Strikes out looking
|
Batting: LHB Noel Young
|
0-0: Called Strike 0-1: Called Strike 0-2: Strikes out looking
|
Batting: RHB Nick Cottrell
|
0-0: Foul Ball, location: 2F 0-1: Ball 1-1: Ball 2-1: Ball 3-1: Base on Balls
|
Batting: RHB Joel Vazquez
|
0-0: Swinging Strike 0-1: Ball 1-1: Foul Ball, location: 2F 1-2: Ball Wild Pitch! Larry Brocato scores Nick Cottrell to second 2-2: Ball 3-2: Strikes out swinging
|
Top of the 3rd over - 1 run, 1 hit, 0 errors, 1 left on base; Lowell 3 - Connecticut 1 |
BOTTOM OF THE 3RD |
Connecticut Tigers batting - Pitching for Lowell Spinners : LHP Eric Del Sordo
|
Batting: SHB Adam Weber
|
0-0: Called Strike 0-1: Ball 1-1: Foul Ball, location: 2F 1-2: Ball 2-2: Foul Ball, location: 2F 2-2: Foul Ball, location: 2F 2-2: Strikes out looking
|
Batting: RHB Aaron Cusick
|
0-0: Foul Ball, location: 2F 0-1: Ball 1-1: Ball 2-1: Fly out, F8 (Flyball, 78D, EV 93.1 MPH)
|
Batting: RHB Eric Angelle
|
0-0: Foul Ball, location: 2F 0-1: Ball 1-1: Ball 2-1: Foul Ball, location: 2F 2-2: SINGLE (Line Drive, 8LS, EV 102.5 MPH)
|
Batting: RHB Tanner Purchase
|
0-0: Ball 1-0: Ball 2-0: Ball 3-0: Base on Balls Eric Angelle to second
|
Batting: RHB Keith Hoffman
|
0-0: Called Strike 0-1: Ball 1-1: Foul Ball, location: 2F 1-2: Ball 2-2: Foul Ball, location: 2F 2-2: Foul Ball, location: 2F 2-2: Foul Ball, location: 2F 2-2: DOUBLE (Line Drive, 78D, EV 108.8 MPH) Eric Angelle scores Tanner Purchase to third Runner from 3rd tries for Home, SAFE, no throw by CF
|
Batting: RHB John Evancho
|
0-0: Fly out, F9 (Flyball, 89XD, EV 95.0 MPH)
|
Bottom of the 3rd over - 2 runs, 2 hits, 0 errors, 1 left on base; Lowell 3 - Connecticut 3 |
TOP OF THE 4TH |
Lowell Spinners batting - Pitching for Connecticut Tigers : RHP Andy Miller
|
Batting: RHB Josh Helman
|
0-0: Fly out, F8 (Line Drive, 8LM, EV 96.2 MPH)
|
Batting: LHB Masumi Abe
|
0-0: Ball 1-0: Ball 2-0: Swinging Strike 2-1: Ball 3-1: Base on Balls
|
Batting: RHB Bobby Schimke
|
0-0: Ball 1-0: Foul Ball, location: 2F 1-1: Foul Ball, location: 2F 1-2: Ball 2-2: Ball 3-2: Reached on error, E6 (Groundball, 6, EV 80.0 MPH) Masumi Abe to second
|
Batting: RHB Jose Conde
|
0-0: Foul Ball, location: 2F 0-1: Called Strike 0-2: Strikes out swinging
|
Batting: RHB Larry Brocato
|
0-0: Ball 1-0: Fly out, F8 (Flyball, 89D, EV 87.5 MPH)
|
Top of the 4th over - 0 runs, 0 hits, 1 error, 2 left on base; Lowell 3 - Connecticut 3 |
BOTTOM OF THE 4TH |
Connecticut Tigers batting - Pitching for Lowell Spinners : LHP Eric Del Sordo
|
Batting: RHB Brandon O'Malley
|
0-0: Called Strike 0-1: Fly out, F7 (Flyball, 7LS, EV 94.4 MPH)
|
Batting: RHB Riley Menger
|
0-0: Called Strike 0-1: Called Strike 0-2: Ball 1-2: Ball 2-2: Ball 3-2: Strikes out swinging
|
Batting: RHB John Welch
|
0-0: Called Strike 0-1: Foul Ball, location: 2F 0-2: Ball 1-2: Ball 2-2: SINGLE (Line Drive, 6D, EV 104.4 MPH)
|
Batting: SHB Adam Weber
|
0-0: Ball 1-0: Fielders Choice at 2nd, 5-4 (Groundball, 5, EV 82.5 MPH)
|
Bottom of the 4th over - 0 runs, 1 hit, 0 errors, 1 left on base; Lowell 3 - Connecticut 3 |
TOP OF THE 5TH |
Lowell Spinners batting - Pitching for Connecticut Tigers : RHP Andy Miller
|
Batting: LHB Nelis Geurts
|
0-0: Called Strike 0-1: Swinging Strike 0-2: Strikes out swinging
|
Batting: LHB Noel Young
|
0-0: Ball 1-0: Ball 2-0: Ball 3-0: Base on Balls
|
Batting: RHB Nick Cottrell
|
0-0: Ball 1-0: Ball 2-0: Ball 3-0: Base on Balls Noel Young to second
|
Batting: RHB Joel Vazquez
|
0-0: Ball 1-0: Foul Ball, location: 2F 1-1: Swinging Strike 1-2: Foul Ball, location: 2F 1-2: SINGLE (Groundball, 34D, EV 100.0 MPH) Noel Young to third Nick Cottrell to second
|
Batting: RHB Josh Helman
|
0-0: Called Strike 0-1: Fielders Choice at 2nd, 6-4 (Groundball, 6, EV 81.9 MPH) Noel Young scores Nick Cottrell to third
|
Batting: LHB Masumi Abe
|
0-0: Foul Ball, location: 2F 0-1: Swinging Strike 0-2: Ground out U3 (Groundball, 34, EV 93.8 MPH)
|
Top of the 5th over - 1 run, 1 hit, 0 errors, 2 left on base; Lowell 4 - Connecticut 3 |
BOTTOM OF THE 5TH |
Connecticut Tigers batting - Pitching for Lowell Spinners : LHP Eric Del Sordo
|
Batting: RHB Aaron Cusick
|
0-0: Ball 1-0: Ball 2-0: Called Strike 2-1: Called Strike 2-2: Ball 3-2: Foul Ball, location: 2F 3-2: Foul Ball, location: 2F 3-2: SINGLE (Groundball, 6, EV 103.8 MPH)
|
Pitching: RHP Bryan Paiva
|
|
Batting: RHB Eric Angelle
|
0-0: Called Strike 0-1: Ball 1-1: Ball 2-1: SINGLE (Groundball, 34D, EV 111.2 MPH) Aaron Cusick to second Runner from 2nd tries for 3rd, OUT! 9-5 Eric Angelle to second
|
Batting: RHB Tanner Purchase
|
0-0: Ground out 6-3 (Groundball, 6M, EV 102.5 MPH) Eric Angelle to third
|
Pitching: RHP Ricardo Bautista
|
|
Batting: RHB Keith Hoffman
|
0-0: Ball 1-0: Ball 2-0: Ball 3-0: Called Strike 3-1: Base on Balls
|
Batting: RHB John Evancho
|
0-0: Ball Balk! Eric Angelle scores Keith Hoffman to second 1-0: SINGLE (Line Drive, 7S, EV 99.4 MPH) Keith Hoffman to third
|
Batting: RHB Brandon O'Malley
|
0-0: Ball 1-0: Fly out, F4 (Popup, 34S, EV 71.2 MPH)
|
Bottom of the 5th over - 1 run, 3 hits, 0 errors, 2 left on base; Lowell 4 - Connecticut 4 |
TOP OF THE 6TH |
Lowell Spinners batting - Pitching for Connecticut Tigers : RHP Andy Miller
|
Pitching: RHP Fernando Mendez
|
|
Batting: RHB Bobby Schimke
|
0-0: DOUBLE (Line Drive, 9LM, EV 106.2 MPH)
|
Batting: RHB Jose Conde
|
0-0: Ball 1-0: Foul Ball, location: 2F 1-1: Called Strike 1-2: Fly out, F7 (Flyball, 78XD, EV 95.6 MPH) Runner from 2nd tags up, SAFE at 3rd, no throw by LF
|
Batting: RHB Larry Brocato
|
0-0: Ball 1-0: Ball 2-0: Ball 3-0: Called Strike 3-1: Base on Balls
|
Batting: LHB Nelis Geurts
|
0-0: Called Strike Larry Brocato steals 2nd, throwing error, E2 Bobby Schimke scores Larry Brocato to third 0-1: Ball 1-1: Called Strike 1-2: Ball 2-2: Ball 3-2: Base on Balls
|
Batting: LHB Noel Young
|
0-0: Swinging Strike 0-1: Called Strike Nelis Geurts steals 2nd base 0-2: Strikes out swinging
|
Batting: RHB Nick Cottrell
|
0-0: Called Strike 0-1: Swinging Strike 0-2: Strikes out swinging
|
Top of the 6th over - 1 run, 1 hit, 1 error, 2 left on base; Lowell 5 - Connecticut 4 |
BOTTOM OF THE 6TH |
Connecticut Tigers batting - Pitching for Lowell Spinners : RHP Ricardo Bautista
|
Batting: RHB Riley Menger
|
0-0: Ball 1-0: Called Strike 1-1: Called Strike 1-2: Hit by Pitch
|
Batting: RHB John Welch
|
0-0: Foul Ball, location: 2F 0-1: Fielders Choice at 2nd, 6-4 (Groundball, 6, EV 90.6 MPH)
|
Batting: SHB Adam Weber
|
0-0: Called Strike 0-1: Swinging Strike 0-2: Ball 1-2: Ground out U3 (Groundball, 3, EV 81.9 MPH) John Welch to second
|
Batting: RHB Aaron Cusick
|
0-0: Ball 1-0: Ball 2-0: Ball 3-0: Foul Ball, location: 2F 3-1: Swinging Strike 3-2: Foul Ball, location: 2F 3-2: Foul Ball, location: 2F 3-2: Strikes out swinging
|
Bottom of the 6th over - 0 runs, 0 hits, 0 errors, 1 left on base; Lowell 5 - Connecticut 4 |
TOP OF THE 7TH |
Lowell Spinners batting - Pitching for Connecticut Tigers : RHP Fernando Mendez
|
Pitching: RHP Eddie Hodgson
|
|
Batting: RHB Joel Vazquez
|
0-0: Called Strike 0-1: Fly out, F8 (Flyball, 8LD, EV 88.1 MPH)
|
Batting: RHB Josh Helman
|
0-0: SINGLE (Groundball, 5S, EV 71.2 MPH) (infield hit)
|
Batting: LHB Masumi Abe
|
0-0: Foul Ball, location: 2F 0-1: Grounds into double play, 4-6-3 (Groundball, 4, EV 79.4 MPH)
|
Top of the 7th over - 0 runs, 1 hit, 0 errors, 0 left on base; Lowell 5 - Connecticut 4 |
BOTTOM OF THE 7TH |
Connecticut Tigers batting - Pitching for Lowell Spinners : RHP Ricardo Bautista
|
Pitching: RHP Matthew Baird
|
|
Batting: RHB Eric Angelle
|
0-0: Called Strike 0-1: Swinging Strike 0-2: Ball 1-2: Strikes out swinging
|
Batting: RHB Tanner Purchase
|
0-0: Foul Ball, location: 2F 0-1: Ball 1-1: Ground out 3-1 (Groundball, 34, EV 108.1 MPH)
|
Batting: RHB Keith Hoffman
|
0-0: Ball 1-0: Ground out 4-3 (Groundball, 4S, EV 82.5 MPH)
|
Bottom of the 7th over - 0 runs, 0 hits, 0 errors, 0 left on base; Lowell 5 - Connecticut 4 |
TOP OF THE 8TH |
Lowell Spinners batting - Pitching for Connecticut Tigers : RHP Eddie Hodgson
|
Batting: RHB Bobby Schimke
|
0-0: Foul Ball, location: 2F 0-1: Ball 1-1: Swinging Strike 1-2: Strikes out swinging
|
Batting: RHB Jose Conde
|
0-0: SINGLE (Flyball, 34D, EV 90.6 MPH)
|
Batting: RHB Larry Brocato
|
0-0: Called Strike Jose Conde steals 2nd base 0-1: Called Strike Jose Conde steals 3rd base 0-2: Ground out 5-3 (Groundball, 5, EV 84.4 MPH)
|
Batting: LHB Nelis Geurts
|
0-0: Called Strike 0-1: Ball 1-1: Called Strike 1-2: Ball 2-2: Foul Ball, location: 2F 2-2: Strikes out swinging
|
Top of the 8th over - 0 runs, 1 hit, 0 errors, 1 left on base; Lowell 5 - Connecticut 4 |
BOTTOM OF THE 8TH |
Connecticut Tigers batting - Pitching for Lowell Spinners : RHP Matthew Baird
|
Batting: RHB John Evancho
|
0-0: Called Strike 0-1: Ball 1-1: Ball 2-1: Ball 3-1: Foul Ball, location: 2F 3-2: Ground out 6-3 (Groundball, 56, EV 83.1 MPH)
|
Batting: RHB Brandon O'Malley
|
0-0: Ball 1-0: Ball 2-0: Fly out, F7 (Flyball, 7D, EV 92.5 MPH)
|
Batting: RHB Riley Menger
|
0-0: Swinging Strike 0-1: Ball 1-1: Foul Ball, location: 2F 1-2: Strikes out swinging
|
Bottom of the 8th over - 0 runs, 0 hits, 0 errors, 0 left on base; Lowell 5 - Connecticut 4 |
TOP OF THE 9TH |
Lowell Spinners batting - Pitching for Connecticut Tigers : RHP Eddie Hodgson
|
Pitching: LHP Chris Woodruff
|
|
Batting: LHB Noel Young
|
0-0: Foul Ball, location: 2F 0-1: Swinging Strike 0-2: Strikes out looking
|
Pitching: RHP Tony Kepp
|
|
Batting: RHB Nick Cottrell
|
0-0: Ball 1-0: Ball 2-0: Ball 3-0: Called Strike 3-1: Base on Balls
|
Batting: RHB Joel Vazquez
|
0-0: Called Strike 0-1: Ball 1-1: Ball 2-1: Grounds into double play, 6-4-3 (Groundball, 6, EV 100.6 MPH)
|
Top of the 9th over - 0 runs, 0 hits, 0 errors, 0 left on base; Lowell 5 - Connecticut 4 |
BOTTOM OF THE 9TH |
Connecticut Tigers batting - Pitching for Lowell Spinners : RHP Matthew Baird
|
Pitching: RHP Jim Whiteman
|
|
Batting: RHB John Welch
|
0-0: Ball 1-0: Called Strike 1-1: Foul Ball, location: 2F 1-2: Ball 2-2: Strikes out swinging
|
Batting: SHB Adam Weber
|
0-0: Called Strike 0-1: Swinging Strike 0-2: Ball 1-2: Strikes out swinging
|
Batting: RHB Aaron Cusick
|
0-0: Ball 1-0: Ball 2-0: Fly out, F4 (Popup, 4, EV 62.5 MPH)
|
Bottom of the 9th over - 0 runs, 0 hits, 0 errors, 0 left on base; Lowell 5 - Connecticut 4 |
|